 Dungeon Crawl Stone Soup version 0.31-a0-167-g1c394c0614 (webtiles) character file.

Game seed: 13345434846103514874

71 frimble the Ruffian (level 4, -1/29 HPs)
             Began as an Octopode Warper on June 14, 2023.
             Slain by Robin
             ... wielding a +0 falchion
              (6 damage)
             ... on level 2 of the Dungeon.
             The game lasted 00:01:30 (1160 turns).

frimble the Ruffian (Octopode Warper)               Turns: 1160, Time: 00:01:30

Health: -1/29      AC:  1    Str: 12    XL:     4   Next: 24%
Magic:  7/7        EV: 13    Int: 15    God:
Gold:   158        SH:  0    Dex: 11    Spells: 5/7 levels left

rFire   . .          .
                       - Unarmed
rCold   . . .        (no shield)
rNeg    . . .        (helmet restricted)
rPois   .            (no amulet)
rElec   .            (no ring)
rCorr   .            (no ring)
SInv    .            (no ring)
Will    .....        (no ring)
Stlth   ++           (no ring)
HPRegen 0.24/turn    (no ring)
MPRegen 0.10/turn    (no ring)
                     (no ring)

%: no passive effects
@: invisible
A: almost no armour, amphibious, 8 rings, camouflage 1, gelatinous body 1,
(nimble swimmer 1), tentacles
a: no special abilities


You were on level 2 of the Dungeon.
You visited 1 branch of the dungeon, and saw 2 of its levels.

You collected 158 gold pieces.

Inventory:

Missiles
 b - 7 boomerangs of dispersal (quivered)
Scrolls
 a - a scroll of blinking
 c - a scroll of enchant armour {unknown}
 d - a scroll of noise {unknown}
 i - a scroll of fog
Potions
 f - a potion of berserk rage {unknown}
 g - a potion of heal wounds {unknown}


   Skills:
 - Level 2.0 Fighting
 - Level 1.1 Throwing
 - Level 2.4 Dodging
 + Level 4.2 Unarmed Combat
 - Level 2.0 Spellcasting
 - Level 3.0 Translocations


You had 5 spell levels left.
You knew the following spells:

 Your Spells              Type           Power      Damage    Failure   Level
a - Blink                 Tloc           20%        N/A       10%         2

Your spell library contained the following spells:

 Spells                   Type           Power      Damage    Failure   Level
 Lesser Beckoning         Tloc           20%        N/A       10%         2
 Teleport Other           Tloc           10%        N/A       19%         3
 Vhi's Electric Charge    Tloc/Air       12%        N/A       34%         3
 Manifold Assault         Tloc           10%        N/A       54%         4


Dungeon Overview and Level Annotations

Branches:
Dungeon (2/15)

Altars:

Annotations:
D:2 Robin


Innate Abilities, Weirdness & Mutations

You cannot wear most types of armour.
You are amphibious.
You can wear up to eight rings at the same time.
Your skin changes colour to match your surroundings (Stealth+).
Your rubbery body absorbs attacks. (AC +1, EV +1)
((You are camouflaged when in or above water. (Stealth+)))
You have tentacles for arms and can constrict up to eight enemies at once.


Message History

You kill the goblin!
The goblin no longer looks unusually strong.
The goblin barely misses you. The goblin closely misses you.
Items here: ))))) ††††††.
You barely miss the goblin. Your grab misses the goblin.
The goblin closely misses you. The hobgoblin hits you. The goblin misses you.
You barely miss the goblin. You grab the goblin.
The goblin is moderately wounded.
You constrict the goblin.
The goblin no longer looks unusually strong.
The hobgoblin closely misses you. The goblin hits you with a +0 dagger.
You barely miss the goblin.
The goblin is severely wounded.
You constrict the goblin.
You kill the goblin!
The hobgoblin hits you.
You catch the helpless hobgoblin completely off-guard!
You tentacle-slap the hobgoblin but do no damage.
Your grab misses the hobgoblin. The goblin closely misses you.
The hobgoblin misses you.
You completely miss the goblin. You grab the goblin. You constrict the goblin.
The goblin closely misses you. The hobgoblin barely misses you.
You barely miss the hobgoblin. Your grab misses the hobgoblin.
You squeeze the hobgoblin.
The hobgoblin is almost dead.
You constrict the goblin. The goblin misses you.
The hobgoblin closely misses you.
You tentacle-slap the goblin.
You kill the goblin!
The hobgoblin closely misses you.
You tentacle-slap Robin. Your grab misses Robin.
Robin is moderately wounded.
Robin hits you with a +0 falchion. The hobgoblin hits you.
* * * LOW HITPOINT WARNING * * *
You tentacle-slap Robin but do no damage.
Your grab misses Robin. Your squeeze misses Robin.
Robin is moderately wounded.
Robin hits you with a +0 falchion.
You die...

##..#..####.
#...).......#
##...........
#.....####.#
#[....# #
#.....#
#.....####.#
###...g......##
#....g@........
#....#)#####.##
#.#..#.# .. #.#
#. #)# # #.#
... #.# ...


You could see Robin (unable to see you) and a hobgoblin (unable to see you).

Vanquished Creatures
  An adder (D:2)
  2 worms (D:2)
  5 ball pythons
  An endoplasm (D:1)
  3 giant cockroaches (D:1)
  12 goblins
  8 hobgoblins
  6 kobolds (D:1)
  2 quokkas (D:1)
  3 frilled lizards (D:1)
  8 rats
51 creatures vanquished.

Notes
Turn   | Place    | Note
-------+----------+-------------------------------------------
     0 | D:1      | frimble the Octopode Warper began the quest for the Orb.
     0 | D:1      | Reached XP level 1. HP: 14/14 MP: 3/3
    80 | D:1      | Reached XP level 2. HP: 19/19 MP: 5/5
   256 | D:1      | Reached skill level 3 in Unarmed Combat
   266 | D:1      | Reached XP level 3. HP: 7/24 MP: 6/6
   804 | D:1      | Learned a level 2 spell: Blink
  1003 | D:2      | Reached skill level 4 in Unarmed Combat
  1003 | D:2      | Reached XP level 4. HP: 12/29 MP: 7/7
  1130 | D:2      | Noticed Robin
  1160 | D:2      | Slain by Robin

Illustrated notes

Levels and vault maps discovered:
D:1:      nzn_arrival_depleted_hourglass, layout_basic, minmay_gold_behind_fungi
D:2:      layout_basic, minmay_tromino_i2, uniq_robin

Skill      XL: |  1  2  3 |
---------------+----------+-----
Unarmed Combat | 3 4 |  4.2
Fighting       | |  2.0
Throwing       | |  1.1
Dodging        | |  2.4
Spellcasting   | |  2.0
Translocations | |  3.0

Action                     |  1- 3 |  4- 6 || total
---------------------------+-------+-------++-------
  Melee: Unarmed           |    94 |    25 ||   119
         Constrict         |    30 |     5 ||    35
         Tentacles         |    16 |     3 ||    19
         Punch             |     3 |       ||     3
   Cast: Blink             |       |     1 ||     1
    Use: Scroll            |     4 |       ||     4
         Potion            |       |     1 ||     1
   Stab: Sleeping          |     2 |       ||     2
         Invisible         |       |     1 ||     1
 Armour: Skin              |     8 |       ||     8
  Dodge: Dodged            |    47 |    23 ||    70

Table legend: (Time is in decaauts)
 A = Elapsed time spent in this place.
 B = Non-inter-level travel time spent in this place.
 C = Inter-level travel time spent in this place.
 D = Time resting spent in this place.
 E = Time spent auto-exploring this place.
 F = Levels seen in this place.
 G = Mean time per level.
                   A        B        C        D        E       F      G
               +--------+--------+--------+--------+--------+-----+--------+
         Total |   1152 |   1078 |     74 |      0 |    797 |   2 |  576.0 |
       Dungeon |   1152 |   1078 |     74 |      0 |    797 |   2 |  576.0 |
               +--------+--------+--------+--------+--------+-----+--------+

Top non-repeatable levels by time:
     D:1: 866 daAuts
     D:2: 286 daAuts
